 Dungeon Crawl Stone Soup version 0.27.1-4-g1640c2035a (webtiles) character file.

Game seed: 6603914337457271726

79 Crownlay the Cudgeller (level 4, 0/58 HPs)
             Began as a Palentonga Fighter on Oct 31, 2021.
             Was a Follower of Okawaru.
             Slain by an adder (2 damage)
             ... on level 2 of the Dungeon.
             The game lasted 00:03:12 (1927 turns).

Crownlay the Cudgeller (Palentonga Fighter)         Turns: 1927, Time: 00:03:13

Health: 0/58       AC: 22    Str: 21    XL:     4   Next: 16%
Magic:  4/4        EV:  1    Int:  8    God:    Okawaru [*.....]
Gold:   70         SH:  0    Dex:  9    Spells: 3/3 levels left

rFire    . . .     SeeInvis +   a - +0 flail
rCold    . . .     Faith    .   (no shield)
rNeg     + + +     Spirit   .   (armour currently unavailable)
rPois    +         Reflect  .   (helmet currently unavailable)
rElec    .         Harm     .   (cloak currently unavailable)
rCorr    .         Rampage  .   (gloves currently unavailable)
Will     .....     NoTele   +   (no barding)
Stlth    +.........             (no amulet)
HPRegen  0.19/turn              (no ring)
MPRegen  0.09/turn              (no ring)

@: lethally poisoned (0 -> -8), tree-form
A: stationary, stasis, torment immunity, boosted hp, large, rugged brown scales
3, see invisible, (deformed body), (roll 1), (armoured tail)
a: Renounce Religion, Heroism


You were on level 2 of the Dungeon.
You worshipped Okawaru.
Okawaru was aware of your devotion.
You were a tree.
You visited 1 branch of the dungeon, and saw 2 of its levels.

You collected 70 gold pieces.

Inventory:

Hand Weapons
 a - a +0 flail (weapon)
Armour
 b - a +0 scale mail (melded)
 c - a +0 kite shield
 f - a +0 cloak (melded)
Scrolls
 g - 2 scrolls of teleportation {unknown}
 h - 2 scrolls of identify {unknown}
 i - a scroll of noise {unknown}
 j - a scroll of fog {unknown}
 k - a scroll of fear {unknown}
Potions
 d - a potion of might
 e - a potion of lignification


   Skills:
 + Level 3.8 Fighting
 * Level 3.8 Maces & Flails
 - Level 2.4 Armour
 - Level 2.4 Shields


You had 3 spell levels left.
You didn't know any spells.
Your spell library was empty.

Dungeon Overview and Level Annotations

Branches:
Dungeon (2/15)

Altars:
Hepliaklqana
Okawaru

Shops:
D:2 *


Innate Abilities, Weirdness & Mutations

You are a tree.
Your roots penetrate the ground, keeping you stationary.
You cannot be teleported.
You are immune to unholy pain and torment.
Your maximum health is greatly increased.
Your equipment is partially melded.
(You are completely covered in rugged brown scales. (AC +3, +7% HP))
You have supernaturally acute eyesight. (SInv)
((Armour fits poorly on your strangely shaped body.))
((You can roll at nearby foes to attack.))
((You have a long armoured tail.))


Message History

You miss the adder.
Your tail-slap misses the adder.
The adder is almost dead.
The adder completely misses you.
You closely miss the adder.
The adder is almost dead.
The adder bites you.
You are poisoned.
The adder poisons you!
A goblin comes into view. It is wielding a +0 dagger of venom.
The adder barely misses you.
You closely miss the adder.
The adder is almost dead.
You feel sick.
A goblin comes into view. It is wielding a +0 club.
The hobgoblin hits you but does no damage.
The adder bites you.
* * * LOW HITPOINT WARNING * * *
You closely miss the adder.
The adder is almost dead.
You feel sick.
The goblin shouts!
The adder bites you.
* * * LOW HITPOINT WARNING * * *
You are lethally poisoned!
The adder poisons you! The hobgoblin barely misses you.
The adder barely misses you. The goblin hits you but does no damage.
You are more poisoned.
The hobgoblin closely misses you.
* * * LOW HITPOINT WARNING * * *
You feel very sick. The hobgoblin barely misses you.
Okay, then.
It was a potion of lignification.
You turn into a tree.
Your +0 cloak melds into your body.
Your +0 scale mail melds into your body.
Your roots penetrate the ground.
* * * LOW HITPOINT WARNING * * *
You feel very sick. The adder bites you.
You die...

.# ...##..)..# .#
..#.#..## ##.# ...##.##
###..# ...#.##..#
#....##...##.....# #
#....#######.....# ..#
#..#.............. ....
##Sg######..#......
..#..###.♣g...###.##......
.........g................
..##.##..#.>†.#######.....
##.##.>.....# #.....
#.....##....# ######
#.g..###....## .......
#.....###### .##....
#..........#
#...∩......÷#...#.#


You could see an adder, a hobgoblin and 2 goblins.

Vanquished Creatures
  Natasha (twice) (D:2)
  A dart slug (D:2)
  4 ball pythons
  3 bats (D:1)
  3 endoplasms
  A giant cockroach (D:2)
  A hobgoblin (D:2)
  3 quokkas (D:1)
  2 frilled lizards (D:2)
  2 goblins
  3 kobolds
  A rat (D:2)
26 creatures vanquished.

Notes
Turn   | Place    | Note
-------+----------+-------------------------------------------
     0 | D:1      | Crownlay the Palentonga Fighter began the quest for the
                  | Orb.
     0 | D:1      | Reached XP level 1. HP: 19/19 MP: 1/1
   268 | D:1      | Found a faded altar of an unknown god.
   293 | D:1      | Became a worshipper of Warmaster Okawaru
   293 | D:1      | Reached * piety under Okawaru
   457 | D:1      | Reached XP level 2. HP: 25/25 MP: 2/2
  1633 | D:2      | Reached XP level 3. HP: 31/31 MP: 3/3
  1653 | D:2      | Noticed Natasha
  1654 | D:2      | Found a hazy altar of Hepliaklqana.
  1656 | D:2      | Found Xoddecy's Assorted Antiques.
  1666 | D:2      | Killed Natasha
  1911 | D:2      | Noticed Natasha
  1918 | D:2      | Killed Natasha
  1919 | D:2      | Reached XP level 4. HP: 19/39 MP: 4/4
  1927 | D:2      | HP: 2/58 [poisoned by a goblin]
  1927 | D:2      | Slain by an adder

Illustrated notes

Levels and vault maps discovered:
D:1:      wheals_arrival_linesprint, layout_loops_corners,
          basic_ecumenical_altar
D:2:      layout_rooms, serial_shops, shop, basic_altar,
          minmay_misc_feat_enclosed, minmay_misc_feat_pillars,
          minmay_misc_feat_alley, serial_park_tiny_1, uniq_natasha

Skill      XL: |  1  2 |
---------------+-------+-----
Maces & Flails | 3 |  3.8
Fighting       | |  3.8
Armour         | |  2.4
Shields        | |  2.4

Action                   |  1- 3 |  4- 6 || total
-------------------------+-------+-------++-------
Melee: Flail             |    85 |     7 ||    92
       Tailslap          |     7 |       ||     7
 Abil: Rolling Charge    |    12 |     1 ||    13
  Use: Potion            |       |     1 ||     1
Armor: Scale mail        |    68 |     4 ||    72
Dodge: Dodged            |    34 |     9 ||    43
